 Dungeon Crawl Stone Soup version 0.24-a0-584-g9d6b971ae4 (webtiles) character file.

Game seed: 7506587430897674522, levelgen mode: deterministic

296 EnegeticOcto the Magician (level 6, -5/36 HPs)
             Began as a Deep Elf Warper on Sept 2, 2019.
             Was an Initiate of Sif Muna.
             Slain by an ice beast (12 damage)
             ... on level 4 of the Dungeon.
             The game lasted 00:11:26 (4638 turns).

EnegeticOcto the Magician (Deep Elf Warper)         Turns: 4638, Time: 00:11:26

Health: -5/36      AC:  5    Str: 10    XL:     6   Next: 12%
Magic:  3/15       EV: 12    Int: 18    God:    Sif Muna [......]
Gold:   262        SH:  0    Dex: 14    Spells: 4/14 levels left

rFire    . . .     SeeInvis .   v - +2 short sword (venom)
rCold    . . .     Gourm    .   (no shield)
rNeg     . . .     Faith    .   b - +0 leather armour
rPois    .         Spirit   .   (no helmet)
rElec    .         Reflect  .   x - +0 cloak
rCorr    .         Harm     +   w - +0 pair of gloves
MR       .....                  (no boots)
Stlth    +.........             n - amulet of harm
HPRegen  0.12/turn              t - ring of attention (curse)
MPRegen  0.14/turn              (no ring)

@: very slightly contaminated
A: no striking features
a: Renounce Religion


You were on level 4 of the Dungeon.
You worshipped Sif Muna.
Sif Muna was noncommittal.
You were not hungry.

You visited 1 branch of the dungeon, and saw 5 of its levels.

You collected 337 gold pieces.
You spent 75 gold pieces at shops.

Inventory:

Hand Weapons
 v - a +2 short sword of venom (weapon)
Missiles
 c - 16 poisoned darts (quivered)
 h - 4 boomerangs
 q - 25 arrows
Armour
 b - a +0 leather armour (worn)
 w - a +0 pair of gloves (worn)
 x - a +0 cloak (worn)
Jewellery
 n - an amulet of harm (around neck)
 t - a cursed ring of attention (left hand)
Scrolls
 d - 2 scrolls of blinking {@r4}
 i - 2 scrolls of enchant armour
 k - a scroll of enchant weapon
 m - 2 scrolls of teleportation {@r3 !r}
Potions
 a - 2 potions of curing {@q1 !q}
 f - 2 potions of heal wounds {@q2 !q}
 g - a potion of brilliance {unknown}
 z - a potion of invisibility {unknown}
Comestibles
 e - 11 rations
 j - a chunk of flesh


   Skills:
 + Level 2.8 Fighting
 - Level 2.0 Short Blades
 - Level 1.0 Throwing
 - Level 0.7 Armour
 - Level 2.4 Dodging
 - Level 1.9 Stealth
 + Level 4.8 Spellcasting
 * Level 3.4 Conjurations
 - Level 1.2 Charms
 + Level 4.2 Translocations


You had 4 spell levels left.
You knew the following spells:

 Your Spells              Type           Power        Failure   Level  Hunger
a - Magic Dart            Conj           ###.         4%          1    None
b - Shroud of Golubria    Chrm/Tloc      ##....       10%         2    #......
c - Gell's Gravitas       Tloc           ###.......   10%         3    ###....
d - Call Imp              Summ           #.......     28%         2    #......
Y - Blink                 Tloc           N/A          4%          2    #......

Your spell library contained the following spells:

 Spells                   Type           Power        Failure   Level  Hunger
 Lesser Beckoning         Tloc           ###.......   10%         3    ###....
 Teleport Other           Tloc           ###.....     10%         3    ###....
 Conjure Flame            Conj/Fire      ##......     26%         3    ###....
 Slow                     Hex            #.......     28%         2    #......
 Passage of Golubria      Tloc           N/A          32%         4    ####...
 Mephitic Cloud           Conj/Pois/Air  #.......     34%         3    ###....


Dungeon Overview and Level Annotations

Branches:
Dungeon (5/15)
 Temple: D:4-7

Altars:
Sif Muna

Shops:
D:4 *

Annotations:
D:4 Pikel


Message History

There is an open door here.
Done exploring.
Done exploring.
Done exploring.
(D) Dungeon
Where to? (Enter - D:3 @ (x,y), ? - help)
There is a stone staircase leading down here.
You climb downwards.
There is a stone staircase leading up here.
An ice beast comes into view.
Found a ration.
Casting: Gell's Gravitas (safe; 10% risk of failure)
Confirm with . or Enter, or press ? or * to list all spells.
Aiming: Magic Dart (safe; 4% risk of failure)
Press: ? - help, Shift-Dir - straight line, f - ice beast
Aim: an ice beast The magic dart hits the ice beast but does no damage.
Casting: Magic Dart (safe; 4% risk of failure)
Confirm with . or Enter, or press ? or * to list all spells.
Aiming: Magic Dart (safe; 4% risk of failure)
Press: ? - help, Shift-Dir - straight line, f/p - ice beast
Aim: an ice beast The magic dart hits the ice beast but does no damage.
Casting: Magic Dart (safe; 4% risk of failure)
Confirm with . or Enter, or press ? or * to list all spells.
Aiming: Magic Dart (safe; 4% risk of failure)
Press: ? - help, Shift-Dir - straight line, f/p - ice beast
Aim: an ice beast The magic dart hits the ice beast.
The ice beast is lightly wounded.
You closely miss the ice beast.
The ice beast is lightly wounded.
The ice beast hits you but does no damage.
You hit the ice beast.
The ice beast is lightly wounded.
The ice beast hits you. The ice beast freezes you!
You are too injured to fight recklessly!
You are too injured to fight recklessly!
There is a stone staircase leading up here.
The ice beast hits you but does no damage.
You climb upwards.
Level annotation: Pikel
There is a stone staircase leading down here.
The ice beast hits you. The ice beast freezes you!
* * * LOW HITPOINT WARNING * * *
Casting: Magic Dart (safe; 4% risk of failure)
Confirm with . or Enter, or press ? or * to list all spells.
Aiming: Gell's Gravitas (safe; 10% risk of failure)
Press: ? - help, Dir - move target cursor Gravity reorients around empty space.
Casting: Gell's Gravitas (safe; 10% risk of failure)
Confirm with . or Enter, or press ? or * to list all spells.
Aiming: Gell's Gravitas (safe; 10% risk of failure)
Press: ? - help, Dir - move target cursor Gravity reorients around empty space.
Casting: Gell's Gravitas (safe; 10% risk of failure)
Confirm with . or Enter, or press ? or * to list all spells.
Aiming: Gell's Gravitas (safe; 10% risk of failure)
Press: ? - help, Dir - move target cursor Gravity reorients around empty space.
Casting: Gell's Gravitas (safe; 10% risk of failure)
Confirm with . or Enter, or press ? or * to list all spells.
Aiming: Gell's Gravitas (safe; 10% risk of failure)
Press: ? - help, Dir - move target cursor Gravity reorients around empty space.
Casting: Gell's Gravitas (safe; 10% risk of failure)
Confirm with . or Enter, or press ? or * to list all spells.
You don't have enough magic to cast that spell.
Unknown command.
You hit the ice beast.
The ice beast is lightly wounded.
The ice beast barely misses you.
You hit the ice beast but do no damage.
The ice beast is lightly wounded.
The ice beast hits you but does no damage.
There is an open door here.
There's a creature in the doorway!
You hit the ice beast but do no damage.
The ice beast is lightly wounded.
The ice beast hits you but does no damage.
You hit the ice beast but do no damage.
The ice beast is lightly wounded.
The ice beast closely misses you.
You barely miss the ice beast.
The ice beast is lightly wounded.
The ice beast hits you but does no damage.
You closely miss the ice beast.
The ice beast is lightly wounded.
The ice beast hits you but does no damage.
You hit the ice beast but do no damage.
The ice beast is lightly wounded.
The ice beast barely misses you.
Casting: Gell's Gravitas (safe; 10% risk of failure)
Confirm with . or Enter, or press ? or * to list all spells.
You miscast Call Imp.
You are very lightly contaminated with residual magic.
Your brain hurts!
The ice beast hits you.
* * * LOW HITPOINT WARNING * * *
The ice beast freezes you!
You die...

............(.....#
..............∩...#
.#................#
.#...........)....#
.#................#
##................#
####....#........#
#....#.##.....#
##.###.##...@(#
#..##.<...#Y##
##.##..##.#.#
#..#..##.#.#
##.#..##.#.#
#.#..##.#.#
#.#.....#.#
#...#####.# ##..#
#.#


You could see an ice beast.

Vanquished Creatures
  Sigmund (D:4)
  An iguana (D:4)
  4 adders
  An ooze (D:3)
  2 worms
  2 dart slugs
  A leopard gecko (D:4)
  3 orcs (D:3)
  12 bats
  2 giant cockroaches
  6 hobgoblins
  8 jackals
  5 frilled lizards
  7 goblins
  7 kobolds
  6 rats
68 creatures vanquished.

Vanquished Creatures (collateral kills)
  A necrophage (D:3)
1 creature vanquished.

Vanquished Creatures (others)
  5 toadstools (D:2)
5 creatures vanquished.

Grand Total: 74 creatures vanquished

Notes
Turn   | Place    | Note
-------+----------+-------------------------------------------
     0 | D:1      | EnegeticOcto the Deep Elf Warper began the quest for the
                  | Orb.
     0 | D:1      | Reached XP level 1. HP: 12/12 MP: 6/6
   498 | D:1      | Reached skill level 1 in Stealth
   675 | D:1      | Reached XP level 2. HP: 5/17 MP: 8/8
   947 | D:1      | Learned a level 2 spell: Blink
   950 | D:1      | Learned a level 2 spell: Shroud of Golubria
  1437 | D:1      | Reached skill level 1 in Charms
  1446 | D:1      | Reached XP level 3. HP: 18/21 MP: 8/10
  1670 | D:1      | Learned a level 3 spell: Gell's Gravitas
  1771 | D:2      | Learned a level 1 spell: Magic Dart
  2099 | D:2      | Noticed a necrophage
  2336 | D:2      | Found a shimmering blue altar of Sif Muna.
  2344 | D:2      | Became a worshipper of Sif Muna the Loreminder
  2409 | D:2      | Reached skill level 1 in Conjurations
  2572 | D:3      | Found a faded altar of an unknown god.
  2593 | D:3      | Reached XP level 4. HP: 26/26 MP: 1/11
  3050 | D:2      | Learned a level 2 spell: Call Imp
  3800 | D:4      | Noticed Sigmund
  3925 | D:3      | Killed a necrophage
  3925 | D:3      | Reached XP level 5. HP: 25/31 MP: 2/13
  4057 | D:4      | Killed Sigmund
  4057 | D:4      | Reached XP level 6. HP: 36/36 MP: 2/15
  4241 | D:4      | Noticed a slave
  4241 | D:4      | Noticed a slave
  4241 | D:4      | Noticed a slave
  4242 | D:4      | Noticed Pikel
  4244 | D:4      | Noticed a slave
  4415 | D:4      | Found Vuas's General Store.
  4431 | D:4      | Bought a scroll of enchant armour for 75 gold pieces
  4602 | D:5      | Entered Level 5 of the Dungeon
  4603 | D:5      | Noticed an ice beast
  4638 | D:4      | Slain by an ice beast

Levels and vault maps discovered:
D:1:      sevenhm_arrival_forest_fort_small_5, layout_loops_corners
D:2:      layout_basic, first_ration, minmay_gold_behind_fungi, led_sif_pool
D:3:      layout_basic, chequers_ecumenical_altar_simple
D:4:      layout_basic, serial_shops, shop, uniq_sigmund, uniq_pikel
D:5:      layout_basic, nicolae_tso_swordbearing_angel, serial_shops,
          shop_fountains

Skill      XL: |  1  2  3  4  5 |
---------------+----------------+-----
Stealth        | 1 |  1.9
Fighting       | 2 |  2.8
Charms         | 1 |  1.2
Conjurations   | 1 2 3 |  3.4
Spellcasting   | 4 |  4.8
Translocations | 4 |  4.2
Short Blades   | |  2.0
Throwing       | |  1.0
Armour         | |  0.7
Dodging        | |  2.4

Action                   |  1- 3 |  4- 6 || total
-------------------------+-------+-------++-------
Melee: Short sword       |   143 |    46 ||   189
Throw: Dart              |    15 |       ||    15
       Boomerang         |     5 |       ||     5
 Cast: Shroud of Golubri |    10 |       ||    10
       Magic Dart        |    14 |    42 ||    56
       Gell's Gravitas   |     2 |    22 ||    24
       Call Imp          |       |     6 ||     6
       Blink             |       |     1 ||     1
  Use: Scroll            |     1 |    10 ||    11
       Potion            |       |     2 ||     2
 Stab: Sleeping          |     3 |       ||     3
  Eat: Chunk             |     6 |     8 ||    14
Armor: Leather armour    |    35 |    18 ||    53
       Skin              |       |     7 ||     7
Dodge: Dodged            |    95 |    26 ||   121

Table legend:
 A = Non-vault XP
 B = Vault XP
 C = Vault XP percentage of total XP
 D = Non-vault monster count
 E = Vault monster count
 F = Vault count percentage of total count
                 A         B        C        D         E       F
            +---------+---------+-------+---------+---------+-------
      Total |     272 |     151 |  35.7 |      68 |       1 |   1.4
            +---------+---------+-------+---------+---------+-------
        D:1 |      48 |       0 |   0.0 |      29 |       0 |   0.0
        D:2 |      42 |       0 |   0.0 |      16 |       0 |   0.0
        D:3 |     108 |       0 |   0.0 |      16 |       0 |   0.0
        D:4 |      74 |     151 |  67.1 |       7 |       1 |  12.5
            +---------+---------+-------+---------+---------+-------
